 Dungeon Crawl Stone Soup version 0.25-a0-503-ge281fa673e (webtiles) character file.

Game seed: 12332723209120149729, levelgen mode: deterministic

229 Gargoyl the Skirmisher (level 5, -3/46 HPs)
             Began as a Centaur Abyssal Knight on Feb 13, 2020.
             Was a Believer of Lugonu.
             Slain by Pikel
             ... wielding a +2 whip of flaming
              (4 damage)
             ... on level 4 of the Dungeon.
             The game lasted 00:04:27 (3182 turns).

Gargoyl the Skirmisher (Centaur Abyssal Knight)     Turns: 3182, Time: 00:04:28

Health: -3/46      AC:  9    Str: 19    XL:     5   Next: 71%
Magic:  7/7        EV: 11    Int: 11    God:    Lugonu [**....]
Gold:   162        SH:  0    Dex: 15    Spells: 4/4 levels left

rFire    . . .     SeeInvis .   a - +5 hand axe
rCold    . . .     Gourm    .   (no shield)
rNeg     . . .     Faith    .   h - +0 plate armour
rPois    .         Spirit   .   (no helmet)
rElec    .         Reflect  .   (no cloak)
rCorr    .         Harm     .   (no gloves)
MR       .....                  (no barding)
Stlth    ..........             (no amulet)
HPRegen  0.15/turn              (no ring)
MPRegen  0.10/turn              (no ring)

@: mighty, agile, very quick
A: large, hooves 3, repulsion field 1, deformed body, speed 2, tough skin 3,
subdued magic 1
a: Depart the Abyss, Bend Space, Renounce Religion


You were on level 4 of the Dungeon.
You worshipped Lugonu.
Lugonu was pleased with you.
You were not hungry.

You visited 1 branch of the dungeon, and saw 4 of its levels.
You visited the Abyss 1 time.

You collected 162 gold pieces.

Inventory:

Hand Weapons
 a - a +5 hand axe (weapon)
Armour
 h - a +0 plate armour (worn)
Wands
 j - a wand of flame (37)
 l - a wand of random effects (17)
 o - a wand of acid (7)
Scrolls
 b - 2 scrolls of identify
 d - a scroll of remove curse
 m - 2 scrolls of teleportation
 n - a scroll of immolation {unknown}
Potions
 i - a potion of agility
 k - a potion of invisibility
Comestibles
 c - 8 rations


   Skills:
 + Level 3.9 Fighting
 + Level 3.1 Axes
 * Level 2.5 Armour
 * Level 1.6 Dodging
 * Level 3.0 Invocations


You had 4 spell levels left.
You didn't know any spells.
Your spell library was empty.

Dungeon Overview and Level Annotations

Branches:
Dungeon (4/15)
 Temple: D:4-7

Altars:
Fedhas
Gozag
Hepliaklqana

Annotations:
D:4 Pikel


Innate Abilities, Weirdness & Mutations

You have hooves in place of feet.
Armour fits poorly on your strangely shaped body.
You cover ground very quickly.
You have extremely tough skin. (AC +3)
You are surrounded by a mild repulsion field. (EV +2)
Your spells are a little easier to cast, but a little less powerful.


Message History

* * * LOW HITPOINT WARNING * * *
You feel very mighty all of a sudden.
Pikel hits you with a +2 whip of flaming.
* * * LOW HITPOINT WARNING * * *
Pikel burns you.
* * * LOW HITPOINT WARNING * * *
You slash Pikel!
Pikel is lightly wounded.
Pikel closely misses you.
You slice Pikel!!
Pikel is severely wounded.
Pikel says, "I just want to get paid!"
Pikel hits you with a +2 whip of flaming.
* * * LOW HITPOINT WARNING * * *
Pikel burns you.
* * * LOW HITPOINT WARNING * * *
You slash Pikel! Your kick misses Pikel.
Pikel is almost dead.
Pikel hits you with a +2 whip of flaming.
You die...

.......... ..........p.....
#.######... #.#....#####.##
#.######....#.#...........
.................#........
#.#######.....#...........
#'### #.......pp....##.# ....#
#......#p#..#.# #
....#####....#.#K#..#.#
.†..##.......#.#@#..#.#
...).........#.#.####.##+####
...)).............÷.........#
####.........##..######.....#
...'........§#....§...+.....+
##
####.....###§#.#..#####.....#
#.
...'.....+........#####.....##
#.
####.....##.##.#.###.........#
#. .# #.....##.##.#.#
#.###.###.# #.


You could see Pikel and 3 slaves.

Vanquished Creatures
  Ijyb (D:3)
  2 worker ants (D:4)
  6 adders
  A shadow imp (D:2)
  An ooze (D:3)
  4 worms
  4 dart slugs
  A leopard gecko (D:2)
  4 orcs
  A ball python (D:1)
  8 bats
  2 giant cockroaches
  9 goblins
  6 hobgoblins
  2 jackals (D:4)
  8 kobolds
  A quokka (D:3)
  6 frilled lizards
  8 rats
  A lurking horror (Abyss:1)
76 creatures vanquished.

Notes
Turn   | Place    | Note
-------+----------+-------------------------------------------
     0 | Abyss:1  | Gargoyl the Centaur Abyssal Knight began the quest for the
                  | Orb.
     0 | Abyss:1  | Reached XP level 1. HP: 19/19 MP: 2/2
    65 | Abyss:1  | Noticed an orange demon
    86 | Abyss:1  | Noticed a rakshasa
    90 | Abyss:1  | Noticed a thrashing horror
    93 | D:1      | Escaped the Abyss
   335 | D:1      | Reached XP level 2. HP: 26/26 MP: 3/3
   338 | D:1      | Reached * piety under Lugonu
   503 | D:1      | Reached skill level 1 in Dodging
   551 | D:1      | Reached XP level 3. HP: 31/31 MP: 4/4
  1085 | D:2      | Found an opulent altar of Gozag.
  1168 | D:2      | Reached XP level 4. HP: 26/40 MP: 5/5
  1298 | D:2      | Found a hazy altar of Hepliaklqana.
  1624 | D:3      | Found a blossoming altar of Fedhas.
  1699 | D:3      | Found a faded altar of an unknown god.
  1708 | D:3      | Reached ** piety under Lugonu
  1718 | D:3      | Noticed Ijyb
  1737 | D:3      | Killed Ijyb
  1976 | D:3      | Reached XP level 5. HP: 46/46 MP: 7/7
  3149 | D:4      | Noticed a slave
  3149 | D:4      | Noticed a slave
  3149 | D:4      | Noticed a slave
  3150 | D:4      | Noticed Pikel
  3150 | D:4      | Noticed a slave
  3164 | D:4      | Gained mutation: Your spells are a little easier to cast,
                  | but a little less powerful. [potion of mutation]
  3164 | D:4      | Gained mutation: You are surrounded by a mild repulsion
                  | field. (EV +2) [potion of mutation]
  3179 | D:4      | HP: 2/46 [Pikel/+2 whip of flaming (2)]
  3182 | D:4      | Slain by Pikel

Levels and vault maps discovered:
D:1:      psy_arrival_radial02, layout_rooms
D:2:      layout_rooms, overflow_temple_1_default, first_ration,
          grunt_gozag_statues
D:3:      minmay_general_purpose_star, layout_basic, fedhas_altar_1,
          chequers_ecumenical_altar_simple_redux, uniq_ijyb
D:4:      layout_basic, portal_sewer_entry_e, nzn_random_ring, uniq_menkaure,
          uniq_pikel

Skill      XL: |  1  2  3  4  5 |
---------------+----------------+-----
Dodging        | 1 |  1.6
Axes           | 2 3 |  3.1
Armour         | 2 |  2.5
Invocations    | 3 |  3.0
Fighting       | |  3.9

Action                   |  1- 3 |  4- 6 || total
-------------------------+-------+-------++-------
Melee: Hand axe          |    82 |   123 ||   205
       Kick              |    10 |    19 ||    29
Invok: Depart the Abyss  |     1 |       ||     1
  Use: Scroll            |    10 |     7 ||    17
       Potion            |       |     4 ||     4
  Eat: Chunk             |       |     5 ||     5
Armor: Ring mail         |    16 |       ||    16
       Plate armour      |    33 |    80 ||   113
Dodge: Dodged            |    24 |    17 ||    41

Table legend:
 A = Non-vault XP
 B = Vault XP
 C = Vault XP percentage of total XP
 D = Non-vault monster count
 E = Vault monster count
 F = Vault count percentage of total count
                 A         B        C        D         E       F
            +---------+---------+-------+---------+---------+-------
      Total |     285 |      43 |  13.1 |      71 |       4 |   5.3
            +---------+---------+-------+---------+---------+-------
        D:1 |      57 |       0 |   0.0 |      25 |       0 |   0.0
        D:2 |      65 |       0 |   0.0 |      16 |       0 |   0.0
        D:3 |      85 |      43 |  33.6 |      23 |       4 |  14.8
        D:4 |      78 |       0 |   0.0 |       7 |       0 |   0.0
            +---------+---------+-------+---------+---------+-------
